Map: Abiogenesis LE

Players

Infamous

  • Race: Protoss Protoss
  • League: Silver
  • Spawn Location: 5:00

JAMES - Winner!

  • Race: Terran Terran
  • League: Silver
  • Spawn Location: 11:00

VOD

Have the link to the VOD?

Description

Time

  • Played on: March 29, 2018, 2:54 p.m.
  • Length: 15:41
Show
View Real Time Build Order
Export as new Build Order

Infamous Protoss 

Build Orders: 1 Gate Expand, Colossus Rush 

Get SALT Encoding   

  12  0:01  Probe  
  13  0:13  Probe  
  14  0:25  Pylon  
  14  0:26  Probe  
  15  0:43  Probe  
  15  0:44  Gateway  
  16  0:55  Probe  
  17  0:58  Assimilator  
  17  1:08  Probe  
  18  1:21  Probe (Chrono Boost)  
  19  1:30  Nexus  
  19  1:33  Probe (Chrono Boost)  
  20  1:46  Cybernetics Core  
  20  1:50  Pylon  
  20  1:52  Probe  
  21  2:01  Assimilator  
  21  2:04  Probe  
  22  2:27  Gateway  
  22  2:28  Warp Gate (Chrono Boost)  
  22  2:29  Gateway  
  22  2:32  Probe  
  23  2:42  Probe  
  24  2:44  Probe  
  25  2:55  Probe, Pylon  
  26  2:59  Probe  
  26  3:04  Stalker  
  29  3:08  Pylon  
  29  3:17  Robotics Facility  
  29  3:22  Probe  
  29  3:23  Probe  
  31  3:34  Probe  
  31  3:35  Probe  
  31  3:36  Pylon  
  32  3:47  Probe x2  
  35  4:06  Probe  
  35  4:13  Gateway  
  35  4:14  Observer (Chrono Boost)  
  35  4:15  Gateway  
  36  4:17  Gateway  
  36  4:20  Stalker x2  
  36  4:21  Probe (Chrono Boost)  
  36  4:23  Probe (Chrono Boost)  
  42  4:34  Probe (Chrono Boost)  
  42  4:36  Probe (Chrono Boost)  
  42  4:38  Robotics Bay  
  44  4:41  Immortal (Chrono Boost)  
  44  4:44  Probe  
  49  4:59  Zealot  
  51  5:00  Pylon, Zealot x2  
  51  5:04  Pylon  
  55  5:08  Assimilator  
  55  5:09  Probe (Chrono Boost)  
  55  5:12  Assimilator  
  57  5:15  Probe (Chrono Boost)  
  57  5:17  Immortal (Chrono Boost)  
  61  5:32  Zealot x3  
  61  5:33  Zealot  
  68  5:39  Extended Thermal Lance  
  68  5:48  Colossus  
  68  6:21  Shield Battery  
  68  6:22  Forge  
  68  6:24  Stalker x2  
  68  6:25  Stalker x2  
  73  6:34  Zealot  
  73  6:36  Pylon  
  75  6:51  Stalker x2  
  75  6:52  Stalker  
  81  6:54  Sentry  
  83  7:04  Shield Battery  
  83  7:12  Photon Cannon  
  83  7:16  Pylon  
  83  7:24  Photon Cannon  
  83  7:28  Stalker  
  83  7:29  Stalker, Protoss Ground Weapons Level 1 (Chrono Boost)  
  87  7:32  Sentry  
  89  7:53  Probe x2  
  91  8:02  Observer  
  78  8:20  Stalker x3  
  78  8:21  Stalker x3  
  90  8:35  Colossus (Chrono Boost)  
  96  8:58  Twilight Council  
  96  9:01  Pylon  
  96  9:03  Zealot x2  
  96  9:05  Sentry  
  90  9:27  Stalker x4  
  73  9:45  Stalker  
  73  9:46  Stalker  
  68  9:57  Stalker x2  
  68  9:59  Sentry  
  70  10:12  Zealot  
  37  10:30  Pylon  
  35  11:15  Photon Cannon  
Show
View Real Time Build Order
Export as new Build Order

JAMES Terran - Winner!

Build Orders:  

Get SALT Encoding   

  12  0:03  SCV  
  13  0:17  Supply Depot  
  13  0:18  SCV  
  14  0:31  SCV  
  14  0:34  Supply Depot  
  15  0:44  SCV  
  16  0:56  SCV  
  17  0:57  Barracks  
  17  0:59  Refinery  
  17  1:12  Engineering Bay  
  17  1:13  SCV  
  18  1:26  SCV  
  19  1:39  SCV  
  20  1:40  Refinery  
  20  1:50  Barracks  
  20  1:54  Missile Turret  
  20  1:57  Marine  
  20  2:00  SCV  
  22  2:12  SCV  
  22  2:15  Marine  
  24  2:19  Factory  
  24  2:24  SCV  
  25  2:33  Marine  
  26  2:40  Terran Infantry Weapons Level 1  
  26  2:46  SCV  
  26  2:49  Barracks Reactor  
  26  2:51  Marine  
  28  3:04  Orbital Command  
  28  3:08  Missile Turret  
  28  3:22  Supply Depot  
  28  3:23  Factory Tech Lab  
  28  3:30  Missile Turret  
  28  3:45  Supply Depot  
  28  3:48  Marine  
  29  3:49  Siege Tank  
  29  3:52  Missile Turret  
  34  4:06  Reaper x2  
  34  4:14  Missile Turret  
  34  4:21  Siege Tank  
  37  4:31  Supply Depot  
  37  4:34  Terran Infantry Armor Level 1  
  37  4:38  Reaper  
  37  4:43  Missile Turret  
  37  4:45  Barracks Tech Lab, Bunker  
  38  5:09  Marine  
  38  5:10  Marine  
  38  5:13  Combat Shields, Marauder  
  42  5:18  Sensor Tower  
  42  5:27  Marine  
  42  5:28  Marine  
  44  5:38  Starport  
  44  5:46  Marine x2  
  45  6:36  Marauder  
  45  6:37  Marine x2  
  45  6:38  Starport Reactor  
  49  6:43  Siege Tank  
  52  6:47  Concussive Shells  
  52  6:48  Supply Depot  
  52  6:54  Marine  
  52  6:55  Marine  
  52  6:57  Marauder  
  56  7:12  Marine x2  
  56  7:15  Siege Tank  
  61  7:18  Marauder  
  61  7:22  Medivac  
  65  7:24  Medivac  
  67  7:30  Marine x2  
  67  7:37  Missile Turret  
  69  7:40  Marauder  
  71  7:52  Marine x2  
  73  8:01  Marine  
  73  8:03  Medivac x2  
  73  8:05  Missile Turret  
  78  8:10  Marine x2  
  80  8:28  Missile Turret  
  80  8:54  Missile Turret  
  80  9:11  Supply Depot  
  80  9:22  Missile Turret  
  79  9:25  Marine  
  68  9:32  Siege Tank  
  68  9:39  Marine x2  
  34  11:14  Orbital Command  
  33  11:40  Barracks Tech Lab  
  32  13:05  Factory Tech Lab  
Tags
 
Add a new tag
Caveats
  • Supply blocks, unpowered buildings, or Contaminate may cause inaccurate times.
  • Supply counts are checked every 10 seconds.